Map: Catalyst LE

Players

Shako - Winner!

  • Race: Zerg Zerg
  • League: Diamond
  • Spawn Location: 5:00

Dirtyplaying

  • Race: Protoss Protoss
  • League: Diamond
  • Spawn Location: 11:00

VOD

Have the link to the VOD?

Description

Time

  • Played on: May 8, 2018, 2:13 a.m.
  • Length: 20:05
Show
View Real Time Build Order
Export as new Build Order

Shako Zerg - Winner!

Build Orders: Pool First 

Get SALT Encoding   

  12  0:01  Drone  
  13  0:13  Overlord  
  13  0:17  Drone  
  14  0:32  Drone x2  
  16  0:35  Drone  
  17  1:00  Extractor, Spawning Pool  
  15  1:08  Drone x2  
  17  1:18  Hatchery  
  17  1:21  Drone  
  17  1:32  Drone  
  17  1:34  Drone  
  18  1:41  Drone  
  18  1:46  Queen  
  21  1:54  Overlord  
  21  2:05  Metabolic Boost  
  21  2:06  Zergling x2  
  22  2:14  Drone  
  23  2:24  Drone  
  24  2:31  Queen  
  24  2:33  Drone  
  24  2:36  Queen  
  29  2:38  Drone  
  30  2:46  Drone x2  
  32  3:04  Hatchery  
  31  3:11  Drone x3  
  33  3:13  Zergling x2  
  33  3:18  Zergling x2  
  35  3:22  Overlord  
  35  3:37  Overlord  
  35  3:40  Drone x5  
  40  4:00  Zergling x4  
  42  4:05  Drone x3  
  42  4:06  Drone, Overlord  
  42  4:07  Drone  
  47  4:16  Queen  
  49  4:29  Drone x8  
  56  4:33  Lair  
  56  4:37  Spore Crawler  
  56  4:38  Spore Crawler  
  54  4:40  Spore Crawler, Overlord x2  
  48  4:53  Lair  
  48  4:58  Drone x6  
  54  5:09  Extractor  
  54  5:10  Extractor  
  51  5:14  Drone  
  51  5:15  Drone x5  
  51  5:18  Drone x2  
  51  5:19  Baneling Nest  
  58  5:31  Overlord x4  
  58  5:37  Hydralisk Den  
  58  5:38  Drone  
  58  5:40  Evolution Chamber, Drone  
  58  5:41  Evolution Chamber, Drone  
  58  5:53  Drone x2  
  58  5:54  Drone x2  
  62  6:02  Zergling x6  
  62  6:03  Zergling x12  
  71  6:04  Overseer  
  71  6:10  Centrifical Hooks  
  71  6:12  Baneling x6  
  71  6:26  Baneling x4  
  71  6:27  Baneling  
  71  6:29  Drone x2  
  71  6:32  Grooved Spines  
  73  6:35  Extractor  
  73  6:39  Extractor  
  71  6:43  Zergling x8  
  71  6:44  Zergling x4  
  78  6:47  Drone x2, Extractor  
  78  6:48  Hatchery, Drone  
  78  6:49  Drone  
  78  6:50  Drone x3  
  76  7:20  Zerg Melee Weapons Level 1, Zerg Ground Armor Level 1  
  76  7:28  Hydralisk x6  
  86  7:40  Drone x3  
  86  7:41  Drone x3  
  86  7:42  Overlord x3  
  92  8:03  Baneling x4  
  92  8:04  Baneling  
  92  8:11  Drone x10  
  98  8:36  Hydralisk x11, Muscular Augments  
  98  8:40  Spore Crawler  
  119  8:42  Spine Crawler x2, Drone x3  
  119  8:46  Spine Crawler  
  119  8:49  Zergling x2  
  119  8:51  Overlord x7  
  119  8:52  Overseer x3  
  120  9:08  Queen  
  122  9:11  Drone x3, Extractor  
  122  9:12  Drone  
  122  9:13  Drone x2  
  122  9:14  Zerg Missile Weapons Level 1, Zergling x2  
  122  9:15  Zergling x12  
  134  9:18  Pneumatized Carapace  
  134  9:27  Baneling x6  
  134  9:28  Zergling x2  
  134  9:29  Zergling x8  
  138  9:35  Drone  
  138  9:37  Zergling x6  
  142  9:41  Zergling x2  
  142  9:42  Zergling x12  
  149  9:47  Zergling x10  
  154  9:53  Baneling x14  
  154  10:00  Extractor, Zergling x2  
  154  10:01  Spine Crawler, Zergling x6  
  154  10:04  Baneling x10  
  154  10:06  Zergling x4  
  158  10:11  Zerg Melee Weapons Level 2  
  116  10:29  Zergling x2  
  116  10:30  Zergling x26  
  116  10:35  Baneling x2  
  105  10:36  Baneling  
  103  10:43  Zergling x10  
  103  10:44  Zergling x14  
  115  10:58  Baneling  
  115  10:59  Baneling  
  115  11:00  Baneling x3  
  114  11:07  Zerg Ground Armor Level 2, Baneling x7  
  114  11:08  Zergling x22  
  123  11:16  Hydralisk x7  
  123  11:31  Hydralisk  
  123  11:32  Hydralisk x5  
  114  11:58  Zergling x4  
  114  11:59  Zergling x14  
  121  12:06  Hatchery  
  120  12:12  Zergling x2  
  120  12:13  Zergling x14  
  127  12:20  Extractor  
  127  12:21  Spore Crawler  
  127  12:22  Extractor  
  124  12:23  Spine Crawler  
  124  12:27  Zerg Missile Weapons Level 2  
  123  12:31  Baneling x6  
  123  12:32  Hydralisk x4, Baneling x12  
  123  12:33  Hydralisk x5  
  141  12:56  Zergling x2  
  141  12:57  Zergling x24  
  149  13:13  Baneling  
  149  13:14  Baneling x4  
  149  13:25  Zergling x22  
  154  13:50  Baneling x10  
  154  13:51  Baneling, Zergling x22  
  165  14:03  Overlord  
  165  14:04  Overlord x8  
  158  14:26  Infestation Pit  
  158  14:29  Zergling x24  
  158  14:30  Zergling x20  
  179  14:44  Hydralisk x4  
  179  14:45  Hydralisk  
  189  14:49  Hatchery, Spore Crawler  
  189  14:51  Spine Crawler  
  167  15:14  Hive  
  167  15:18  Spire  
  166  15:33  Overlord x3  
  166  15:34  Overseer x2  
  166  15:36  Extractor  
  166  15:40  Extractor  
  149  16:00  Zergling x16  
  149  16:01  Zergling x34  
  171  16:09  Zergling x18  
  180  16:12  Baneling x4  
  169  16:27  Baneling x12  
  169  16:28  Baneling  
  146  16:49  Baneling x14  
  126  17:02  Hydralisk x15  
  126  17:09  Hydralisk x3  
  112  17:31  Overseer  
  106  17:55  Hydralisk x8  
  106  17:56  Hydralisk x5  
  109  18:20  Hydralisk x3  
  109  18:21  Hydralisk x7  
  103  18:35  Overseer x2  
  103  18:36  Hydralisk x3  
  88  18:59  Hydralisk x7  
  88  19:00  Hydralisk  
  91  19:19  Hydralisk x5  
  88  19:41  Hydralisk  
Show
View Real Time Build Order
Export as new Build Order

Dirtyplaying Protoss 

Build Orders: 1 Gate Expand, Oracle Opening 

Get SALT Encoding   

  12  0:00  Probe  
  13  0:13  Probe  
  14  0:21  Pylon  
  14  0:24  Probe  
  15  0:35  Probe  
  16  0:43  Probe  
  16  0:45  Gateway  
  17  0:55  Probe  
  18  1:08  Probe  
  19  1:27  Nexus  
  19  1:31  Probe  
  20  1:37  Cybernetics Core  
  20  1:40  Assimilator  
  20  1:43  Probe  
  21  1:49  Assimilator  
  21  1:55  Pylon  
  21  1:57  Probe  
  22  2:06  Adept  
  22  2:09  Probe  
  25  2:21  Probe  
  26  2:31  Adept  
  26  2:32  Gateway  
  26  2:35  Probe  
  29  2:50  Stargate  
  29  2:51  Adept  
  29  2:53  Probe  
  30  3:03  Warp Gate  
  30  3:05  Probe  
  33  3:17  Probe  
  34  3:21  Adept  
  34  3:23  Adept  
  38  3:27  Probe  
  38  3:29  Probe  
  38  3:33  Oracle  
  40  3:40  Pylon  
  43  3:42  Pylon  
  43  3:55  Probe  
  44  3:58  Probe  
  45  4:05  Gateway, Phoenix  
  45  4:06  Gateway  
  45  4:12  Probe  
  46  4:39  Probe x2  
  48  4:51  Probe x2  
  50  4:53  Assimilator  
  50  4:55  Assimilator  
  50  4:59  Robotics Facility  
  50  5:01  Twilight Council  
  50  5:03  Probe x2  
  52  5:10  Adept  
  52  5:11  Adept  
  54  5:15  Probe x2  
  56  5:27  Probe x2  
  56  5:28  Forge  
  58  5:33  Adept x2  
  62  5:38  Pylon x2  
  62  5:42  Resonating Glaives  
  62  5:46  Warp Prism  
  62  5:50  Protoss Ground Weapons Level 1  
  62  5:56  Probe x2  
  66  5:58  Templar Archives  
  66  6:03  Nexus  
  66  6:04  Pylon  
  66  6:06  Adept x2  
  70  6:11  Adept  
  70  6:14  Adept  
  70  6:17  Probe  
  75  6:27  Probe  
  75  6:29  Probe  
  75  6:30  Observer  
  78  6:39  Probe  
  79  6:41  Probe  
  80  6:51  Probe, Photon Cannon x2  
  80  6:53  Probe  
  62  7:18  Adept x3  
  62  7:19  Adept  
  70  7:25  Protoss Ground Weapons Level 2, Probe x2  
  70  7:26  Probe  
  72  7:37  Probe x2  
  72  7:38  Probe  
  72  7:42  Assimilator  
  75  7:45  Psionic Storm  
  75  7:46  Assimilator  
  75  7:49  Probe x2  
  75  7:50  Probe, Photon Cannon  
  78  7:52  Gateway, Photon Cannon  
  78  7:55  Gateway  
  78  7:56  Observer  
  78  7:57  Gateway  
  79  8:01  Probe x2  
  79  8:02  Probe  
  77  8:14  Probe x3  
  77  8:18  Zealot  
  77  8:19  Zealot x2  
  86  8:20  Zealot  
  86  8:26  Probe x3  
  91  8:27  Charge  
  91  8:38  Probe x2  
  93  8:44  High Templar x3  
  93  8:45  High Templar  
  101  8:50  Pylon  
  101  8:52  Pylon  
  101  8:54  Pylon  
  101  8:56  Pylon  
  101  9:08  Nexus  
  101  9:09  Observer  
  102  9:10  Pylon  
  101  9:23  Zealot x6  
  101  9:24  Zealot  
  115  9:33  Gateway  
  115  9:36  Gateway  
  115  9:38  Pylon  
  115  9:41  Pylon  
  115  9:57  High Templar  
  115  9:58  High Templar x3  
  115  9:59  High Templar  
  125  10:00  High Templar  
  125  10:03  Archon x2  
  125  10:04  Zealot, Archon  
  129  10:08  Probe  
  129  10:09  Probe  
  129  10:10  Protoss Ground Weapons Level 3  
  94  10:29  Zealot  
  94  10:30  Zealot x2  
  94  10:37  Archon  
  94  10:38  High Templar x3  
  94  10:39  High Templar  
  94  10:40  Zealot  
  104  10:43  Archon  
  104  10:44  Archon  
  104  10:46  Probe  
  105  10:56  Zealot x2  
  108  10:57  Zealot  
  109  11:10  Zealot, Fleet Beacon  
  109  11:12  Zealot, Stargate  
  109  11:14  Stargate  
  103  11:21  Zealot  
  103  11:22  Zealot x3  
  77  11:42  Zealot  
  77  11:43  Zealot x3  
  77  11:44  Zealot x4  
  93  11:47  Probe x3  
  90  12:02  Zealot  
  90  12:04  Carrier  
  90  12:05  Carrier  
  90  12:07  Carrier  
  110  12:10  Probe x3  
  113  12:22  Probe x2  
  114  12:29  Probe  
  109  12:34  Probe  
  109  12:35  Probe  
  111  12:39  High Templar x2  
  111  12:40  High Templar x2  
  111  12:41  High Templar  
  121  12:47  Protoss Ground Armor Level 1  
  121  12:54  Zealot  
  121  12:55  Zealot x2  
  127  13:05  Probe x3  
  130  13:15  High Templar x3  
  130  13:17  Zealot, Probe x2  
  120  13:51  Zealot x2  
  120  13:52  Zealot x6  
  120  13:54  Probe  
  137  13:59  Probe x2  
  136  14:23  Mothership  
  144  14:29  High Templar x2  
  144  14:30  High Templar  
  150  14:31  High Templar  
  150  14:33  Archon  
  150  14:36  Archon  
  152  14:46  Protoss Ground Armor Level 2  
  152  14:54  Pylon  
  152  14:56  Nexus  
  142  15:09  High Templar x2  
  142  15:10  Zealot  
  142  15:12  Zealot x2  
  142  15:13  Zealot  
  154  15:15  Archon  
  154  15:25  High Templar  
  154  15:28  Probe  
  157  15:31  Pylon  
  157  15:49  Probe  
  158  15:53  Zealot  
  158  15:54  Zealot x4  
  137  16:08  Zealot x3  
  143  16:16  Zealot x2  
  143  16:17  Zealot x2  
  111  16:44  High Templar x4  
  111  16:45  High Templar x4  
  127  16:48  Archon  
  127  16:49  Archon x2  
  127  16:50  Archon  
  90  17:17  Zealot x5  
  100  17:36  Zealot  
  61  19:19  Probe x2  
  63  19:30  High Templar x2  
  55  19:50  High Templar x2  
Tags
 
Add a new tag
Caveats
  • Supply blocks, unpowered buildings, or Contaminate may cause inaccurate times.
  • Supply counts are checked every 10 seconds.